 Dungeon Crawl Stone Soup version 0.30-a0-920-g7493c07aab (webtiles) character file.

Game seed: 16162005160992986975

0 qeuew the Trooper (level 1, -2/18 HPs)
             Began as a Demonspawn Monk on Mar 21, 2023.
             Slain by a kobold
             ... wielding a +0 dagger
              (4 damage)
             ... on level 1 of the Dungeon.
             The game lasted 00:00:44 (28 turns).

qeuew the Trooper (Demonspawn Monk)                   Turns: 28, Time: 00:00:45

Health: -2/18      AC:  2    Str: 11    XL:     1   Next: 0%
Magic:  1/1        EV: 12    Int: 11    God:
Gold:   0          SH:  0    Dex: 15    Spells: 0/0 levels left

rFire   . . .      SeeInvis .    a - +0 mace
rCold   . . .      Faith    .    (no shield)
rNeg    . . .      Spirit   .    b - +0 robe
rPois   .          Reflect  .    (no helmet)
rElec   .          Rampage  .    (no cloak)
rCorr   .                        (no gloves)
Will    .....                    (no boots)
Stlth   ++                       (no amulet)
HPRegen 0.23/turn                (no ring)
MPRegen 0.07/turn                (no ring)

@: no status effects
A: no striking features
a: no special abilities


You were on level 1 of the Dungeon.
You visited 1 branch of the dungeon, and saw 1 of its levels.

Inventory:

Hand Weapons
 a - a +0 mace (weapon)
Armour
 b - a +0 robe (worn)
Potions
 c - a potion of ambrosia


   Skills:
 + Level 3.0 Fighting
 * Level 2.6 Maces & Flails
 * Level 0.0 Armour
 + Level 2.6 Dodging
 - Level 1.7 Stealth


You couldn't memorise any spells.
You didn't know any spells.
Your spell library was empty.

Dungeon Overview and Level Annotations

Branches:
Dungeon (1/15)

Altars:


Message History

The bat closely misses you. The bat hits you. The kobold misses you.
The kobold hits you with a +0 dagger.
The endoplasm hits the plant.
The plant begins to die.
You closely miss the kobold. The bat hits you but does no damage.
The kobold hits you with a +0 whip. The kobold barely misses you.
The endoplasm hits the plant.
The plant begins to die.
You closely miss the kobold. The bat closely misses you.
The kobold hits you but does no damage. The kobold hits you with a +0 dagger.
The endoplasm hits the plant.
The kobold barely misses you. The kobold hits you with a +0 dagger.
* * * LOW HITPOINT WARNING * * *
The endoplasm hits the plant.
The bat completely misses you.
You are too injured to fight recklessly!
You are too injured to fight recklessly!
You are too injured to fight recklessly!
You are too injured to fight recklessly!
You are too injured to fight recklessly!
You are too injured to fight recklessly!
You are too injured to fight recklessly!
You are too injured to fight recklessly!
You are too injured to fight recklessly!
You are too injured to fight recklessly!
You are too injured to fight recklessly!
You are too injured to fight recklessly!
You are too injured to fight recklessly!
You are too injured to fight recklessly!
The bat barely misses you. The kobold closely misses you. The bat misses you.
The endoplasm hits the plant.
The plant begins to die.
The kobold attacks as you move away! The kobold hits you with a +0 whip.
* * * LOW HITPOINT WARNING * * *
A nearby plant withers and dies. x2; The bat hits you but does no damage.
The kobold attacks as you move away! The kobold hits you with a +0 dagger.
* * * LOW HITPOINT WARNING * * *
The kobold attacks as you move away! The kobold hits you but does no damage.
The endoplasm jiggles.
The bat hits you.
* * * LOW HITPOINT WARNING * * *
The bat attacks as you move away! The bat barely misses you.
The kobold attacks as you move away! The kobold hits you with a +0 dagger.
You die... ....# #.. .# #. #.# #..##.#. #.# ####...##.# #.# #$.....##.####.#### #..PPPPPPPPPPPPPPP## ###..PPPPPPPPPPPPPPP.#

.......PPP...K.PPPPP.#
##...P.PJ...Kb@..PPP.#
#.....P.PP...KPPP.PP.#
.....PP.PP.PPP.PP.PP.#
###..P.PP.PP.PP.PP.P.#
#..P.P.PP.P.PP.P.P.#####
#....P.P.PPP.P.P.
#..P.P.PP.P.PP.P.P######


...P.PP.PP.PP.PP.P# ...#PP.PP.PPP.PP.PP# You could see an endoplasm, a bat and 3
kobolds.

Vanquished Creatures (others)
  11 plants (D:1)
11 creatures vanquished.

Notes
Turn   | Place    | Note
-------+----------+-------------------------------------------
     0 | D:1      | qeuew the Demonspawn Monk began the quest for the Orb.
     0 | D:1      | Reached XP level 1. HP: 18/18 MP: 1/1
    28 | D:1      | Slain by a kobold

Illustrated notes

Levels and vault maps discovered:
D:1:      roderic_crop_circles_arrival_small, layout_loops_ring,
          shapermc_ecumenical_altar_venn, minmay_crystal_water

Action                     || total
---------------------------++-------
  Melee: Mace              ||     7
 Armour: Robe              ||     6
  Dodge: Dodged            ||    19

Table legend: (Time is in decaauts)
 A = Elapsed time spent in this place.
 B = Non-inter-level travel time spent in this place.
 C = Inter-level travel time spent in this place.
 D = Time resting spent in this place.
 E = Time spent auto-exploring this place.
 F = Levels seen in this place.
 G = Mean time per level.
                   A        B        C        D        E       F      G
               +--------+--------+--------+--------+--------+-----+--------+
         Total |     30 |     30 |      0 |      0 |     10 |   1 |   30.0 |
       Dungeon |     30 |     30 |      0 |      0 |     10 |   1 |   30.0 |
               +--------+--------+--------+--------+--------+-----+--------+

Top non-repeatable levels by time:
     D:1: 30 daAuts
